[Event "Early-Titled-Tuesday-Blitz-September-26-2023"]
[Site "Chess.com"]
[Date "2023.09.26"]
[Round "6"]
[White "CheckThis4"]
[Black "MikaelyanArman"]
[Result "1/2-1/2"]
[WhiteElo "2686"]
[BlackElo "2852"]
[TimeControl "180+1"]
[EndTime "9:10:52 PDT"]
[Termination "Game drawn by stalemate"]

1. e4 e5 2. Nf3 Nc6 3. Bb5 a6 4. Ba4 Nf6 5. d3 d6 6. O-O Bd7 7. Nbd2 g6 8. Re1 b5 9. Bb3 Na5 10. c3 Nxb3 11. Nxb3 Bg7 12. d4 exd4 13. e5 dxe5 14.
Rxe5+ Be6 15. Nfxd4 O-O 16. Bg5 Qd6 17. Re1 Bg4 18.
Qd2 c5 19. Nc2 Qxd2 20. Bxd2 c4 21. Nbd4 Rfe8 22. a4 Bd7 23. axb5 axb5 24. Rxe8+ Rxe8 25. Kf1 Ne4 26. Be3 Nc5 27. Nb4 Bxd4 28. Bxd4 Nb3 29. Rd1 Nxd4 30. Rxd4 Be6 31. f3 Kg7 32. Kf2 Ra8 33.
Ke3 Ra1 34. Rd2 Rh1 35. g3 h5 36. Kd4 g5 37. Kc5 Rf1 38. Nc6 Rxf3 39. Nd4 Rd3 40. Rf2 Kg6 41. Kxb5 g4 42. Nxe6 fxe6 43. Kxc4 Re3 44.
b4 Re4+ 45. Kc5 e5 46. b5 Re3 47. c4 Rf3 48. Re2 Kf5 49. b6 e4 50. b7 Rb3 51. Kc6 Ke5 52. c5 Kd4 53. Re1 e3 54.
Kc7 Kxc5 55. Rxe3 Rxe3 56. b8=Q Kd4 57. Qb6+ Kd3 58. Qg6+ Ke2 59. Qxh5 Kf3 60. h3 Re4 61. hxg4 Rxg4 62. Kd6 Kxg3 63. Ke5 Rg8 64. Qh7 Re8+ 65. Kf5 Rf8+ 66. Kg6 Rf4 67. Qc7 Kg4 68. Qd7+ Kg3 69. Kg5 Rf3 70. Qd6+ Kf2 71. Kg4 Re3 72. Qd4 Ke2 73.
Kf4 Rd3 74. Qc4 Kd2 75. Ke4 Re3+ 76. Kf4 Rd3 77. Qb4+ Rc3 78. Ke4 Kc2 79. Qa4+ Rb3 80. Kd4 Kb2 81. Qe8 Rc3 82. Qe2+ Kb3 83. Qb5+ Kc2 84. Qe2+ Kb3 85. Qe1 Rc2 86. Kd3 Rb2 87. Qe6+ Kb4 88. Kd4 Rd2+ 89. Ke3 Rc2 90. Qe7+ Kb3 91.
Qe6+ Kb2 92. Qb6+ Kc3 93. Qc5+ Kb3 94. Qb5+ Kc3 95. Qc6+ Kb3 96. Qb6+ Kc3 97. Qd4+ Kb3 98. Kd3 Rb2 99. Qb6+ Ka3 100. Qa5+ Kb3 101. Qb5+ Ka3 102. Qc5+ Kb3 103. Qc4+ Ka3 104. Kc3 Rc2+ 105. Kxc2 1/2-1/2

[Event "Early-Titled-Tuesday-Blitz-September-26-2023"]
[Site "Chess.com"]
[Date "2023.09.26"]
[Round "6"]
[White "LoydBlankenship"]
[Black "jcibarra"]
[Result "0-1"]
[WhiteElo "2658"]
[BlackElo "2954"]
[TimeControl "180+1"]
[EndTime "9:10:59 PDT"]
[Termination "jcibarra won on time"]

1. e4 c5 2. Nf3 Nc6 3. d4 cxd4 4. Nxd4 Nf6 5. Nc3 e6 6. Ndb5 Bc5 7. Nd6+ Ke7 8. Nxc8+ Rxc8 9. Bd3 Qc7 10. O-O h5 11. Bg5 Kf8 12. Qd2 a6 13. Kh1 h4 14. Bf4 Ne5 15.
h3 d6 16. Rad1 b5 17. Ne2 Ke7 18. Bh2 Nc4 19. Qc1 Ne5 20. f4 Nc4 21. Bxc4 bxc4 22. Nc3 Nh5 23. f5 Nf6 24. fxe6 fxe6 25. e5 dxe5 26.
Qg5 Ke8 27. Bxe5 Qf7 28. Bxf6 gxf6 29. Rxf6 Be7 30. Rxf7 Bxg5 31. Ra7 Rf8 32. Ne4 Be7 33. Rdd7 Rf1+ 34. Kh2 Bf8 35. Nd6+ Bxd6+ 36. Rxd6 Re1 37.
Raxa6 Ke7 38. Rd2 Rf8 39. Ra7+ Ke8 40. Rh7 Rf4 41. a4 c3 42. bxc3 Rxa4 43. Rd4 Re4 44. Rxa4 Rxa4 45. Rc7 Kd8 46. Rh7 Rc4 47. Kg1 Ke8 48.
Kf2 Kf8 49. Ke2 Kg8 50. Kd3 Rf4 51. Rh5 Kf7 52. Rg5 Kf6 53. Rg4 Rf2 54. c4 Ke5 55. Kc3 Kd6 56. Rd4+ Kc5 57. Rg4 e5 58. Rg5 Kd6 59.
Kd3 Rf4 60. Rg6+ Kc5 61. Rg4 Rf2 62. c3 Ra2 63. Ke4 Re2+ 64. Kf5 Kd6 65. Kg5 e4 66.
Kxh4 Ke5 67. Kg3 Re3+ 68. Kh4 Rxc3 69. Rg8 Rxc4 70. g4 e3 71. Re8+ Kf4 72. Rf8+ Ke4 73. Kg3 Kd3 74. Re8 e2 75. g5 Kd2 76. Rd8+ Ke3 77.
Re8+ Kd2 78. h4 Rc3+ 79. Kg4 Re3 80. Rd8+ Kc2 81. Rc8+ Kd2 82. Rd8+ Ke1 83. g6 Kf2 84. Rf8+ Kg2 85. Kg5 e1=Q 86. Kh5 Re5+ 87. Kh6 Qxh4+ 88.
Kg7 Re7+ 89. Rf7 Qd4+ 90. Kg8 Re8+ 91. Rf8 Qd5+ 92. Kg7 Qe5+ 93. Kg8 Qe6+ 94. Kg7 Rxf8 95. Kh6 Rh8+ 96. Kg5 Qe5+ 97. Kg4 Qf6 0-1

[Event "Early-Titled-Tuesday-Blitz-September-26-2023"]
[Site "Chess.com"]
[Date "2023.09.26"]
[Round "6"]
[White "jraosam"]
[Black "andrzej"]
[Result "1-0"]
[WhiteElo "2070"]
[BlackElo "2447"]
[TimeControl "180+1"]
[EndTime "9:11:44 PDT"]
[Termination "jraosam won by checkmate"]

1. Nf3 d5 2. c4 e6 3. e3 Nf6 4. b3 Nbd7 5. Bb2 Bd6 6. Be2 O-O 7. O-O Re8 8. d4 b6 9. Nc3 Bb7 10. Rc1 a6 11. Na4 Ne4 12. c5 bxc5 13. dxc5 Ndxc5 14. Nxc5 Nxc5 15. Ne5 Ne4 16. f3 Nf6 17. Bd4 Rc8 18.
Nc6 Qd7 19. Bxf6 gxf6 20. Qc2 f5 21. Na5 c5 22. Qd3 Bxh2+ 23. Kh1 Be5 24. Nxb7 Qxb7 25. Qxa6 Qe7 26. f4 Bb8 27. Qd3 Qf6 28. Rf3 Kh8 29. Qc3 Qxc3 30. Rxc3 Bd6 31. Rh3 Ra8 32. Bb5 Reb8 33. a4 Rc8 34. Rf3 Be7 35. Rc2 Bd8 36. Kh2 Bb6 37. Kh3 Kg7 38. g3 Kf6 39. Rh2 Rg8 40.
Kg2 Rg7 41. Rh6+ Ke7 42. Rh1 Ba5 43. Kf2 Bb4 44. Ke2 Kd6 45. Kd3 Rag8 46. Rh3 h5 47.
Kc2 Rg4 48. Rxh5 Rxg3 49. Rxg3 Rxg3 50. Kd3 d4 51. Kc4 Rxe3 52. Be8 Rc3+ 53. Kb5 Ke7 54. Bc6 d3 55. Rh1 Rxb3 56. Kc4 Rc3+ 57. Kb5 d2 58. Rd1 Rc1 59. Bf3 Kd6 60. a5 Kc7 61. a6 Kb8 62.
Kb6 Ba5+ 63. Kxa5 Ka7 64. Rxd2 Ra1+ 65. Kb5 Rb1+ 66. Kxc5 Kxa6 67. Rd6+ Ka5 68. Rd7 Rc1+ 69. Kd4 Rf1 70. Ke3 Kb6 71. Rxf7 Kc5 72. Rd7 Rg1 73. Kf2 Ra1 74. Rd1 Ra2+ 75. Kg3 Ra3 76. Re1 Kd6 77.
Rd1+ Ke7 78. Rb1 Rc3 79. Rb7+ Kf6 80. Rb6 Re3 81. Kf2 Rd3 82. Be2 Rd4 83. Ke3 Re4+ 84. Kf3 Ra4 85. Rc6 Rb4 86. Bc4 Rb1 87. Bxe6 Kg7 88. Bc4 Rb2 89. Be6 Kf6 90. Bc8+ Ke7 91. Bxf5 Rb3+ 92. Kg4 Kf7 93. Be6+ Kf6 94. Bxb3+ Kg7 95.
Rc7+ Kh8 96. Rc8+ Kg7 97. Rg8+ Kh7 98. Rg5 Kh6 99. Bd1 Kh7 100. Bf3 Kh6 101. f5 Kh7 102.
f6 Kh6 103. f7 Kh7 104. Bg2 Kh6 105. f8=Q+ Kh7 106.
Qg7# 1-0

[Event "Early-Titled-Tuesday-Blitz-September-26-2023"]
[Site "Chess.com"]
[Date "2023.09.26"]
[Round "7"]
[White "m_ezat"]
[Black "mapleaff"]
[Result "0-1"]
[WhiteElo "2500"]
[BlackElo "2352"]
[TimeControl "180+1"]
[EndTime "9:13:53 PDT"]
[Termination "mapleaff won by resignation"]

1. e4 c5 2. d4 cxd4 3. c3 dxc3 4. Bc4 Nc6 5. Nf3 e6 6. O-O Qc7 7. Qe2 Nf6 8. Nxc3 Ng4 9. h3 Nd4 10. Qd3 Nxf3+ 0-1

[Event "Early-Titled-Tuesday-Blitz-September-26-2023"]
[Site "Chess.com"]
[Date "2023.09.26"]
[Round "7"]
[White "MatthewG-p4p"]
[Black "SharapovEvgeny"]
[Result "1-0"]
[WhiteElo "2806"]
[BlackElo "2591"]
[TimeControl "180+1"]
[EndTime "9:13:57 PDT"]
[Termination "MatthewG-p4p won by resignation"]

1. f4 c5 2. Nf3 Nc6 3. g3 g6 4. Bg2 Bg7 5. O-O e6 6. d3 Nge7 7.
Nc3 O-O 8. e4 d6 9. h3 Rb8 10.
a4 a6 11. g4 f5 12. Ne2 Nd4 13. Ng3 Nxf3+ 14. Qxf3 Nc6 15. c3 b5 16. axb5 axb5 17.
exf5 Bb7 18. fxg6 hxg6 19. Qe2 e5 20. Bd5+ Kh7 21. Ne4 Qh4 22. Qg2 exf4 23. Bxf4 Ne5 24. Bxb7 Rxb7 25. Ng5+ 1-0

[Event "Early-Titled-Tuesday-Blitz-September-26-2023"]
[Site "Chess.com"]
[Date "2023.09.26"]
[Round "7"]
[White "Aleksandar-Topalov"]
[Black "Vesper2018"]
[Result "0-1"]
[WhiteElo "2395"]
[BlackElo "2583"]
[TimeControl "180+1"]
[EndTime "9:14:27 PDT"]
[Termination "Vesper2018 won by resignation"]

1. b3 e5 2. Bb2 d6 3. d4 e4 4.
d5 f5 5. e3 Nf6 6. Ne2 Nbd7 7.
Nbc3 Ne5 8. Nb5 Be7 9. Nbd4 O-O 10. Nf4 Rf7 11. h4 c5 12. Nde6 Bxe6 13. dxe6 Qa5+ 14. Qd2 Qxd2+ 15. Kxd2 Rff8 16. Nd5 Nxd5 0-1

[Event "Early-Titled-Tuesday-Blitz-September-26-2023"]
[Site "Chess.com"]
[Date "2023.09.26"]
[Round "7"]
[White "Rap_woyska"]
[Black "cristiano78"]
[Result "1-0"]
[WhiteElo "2520"]
[BlackElo "2258"]
[TimeControl "180+1"]
[EndTime "9:14:38 PDT"]
[Termination "Rap_woyska won by resignation"]

1. c4 Nf6 2. Nc3 g6 3. Nf3 d6 4. d4 Bg7 5. g3 O-O 6. Bg2 Nc6 7.
O-O Bf5 8. d5 Na5 9. Nd4 Bd7 10.
b3 c5 11. dxc6 bxc6 12. Bg5 Rb8 13. Qd2 c5 14. Nf3 Nc6 15. Rac1 Ng4 16. h3 Nge5 17. Nxe5 Nxe5 18. Nd5 Nc6 19. Rfd1 Nd4 20. Nxe7+ 1-0

[Event "Early-Titled-Tuesday-Blitz-September-26-2023"]
[Site "Chess.com"]
[Date "2023.09.26"]
[Round "7"]
[White "vedantgoswami"]
[Black "cukin84"]
[Result "1-0"]
[WhiteElo "2356"]
[BlackElo "2210"]
[TimeControl "180+1"]
[EndTime "9:15:09 PDT"]
[Termination "vedantgoswami won by resignation"]

1. g3 d5 2. Bg2 e5 3. c4 c6 4. cxd5 cxd5 5. d4 e4 6. Nc3 Nf6 7. Bg5 Be7 8. f3 exf3 9. Nxf3 O-O 10. O-O Nc6 11. Ne5 Be6 12. Rc1 Rc8 13. Nxc6 bxc6 14. Na4 Ne4 15. Bxe7 Qxe7 16. Bxe4 dxe4 17. b3 Bh3 18.
Rf4 e3 19. Qd3 Rfe8 20. Rh4 Bf5 21. Qxf5 g6 22. Qf4 1-0

[Event "Early-Titled-Tuesday-Blitz-September-26-2023"]
[Site "Chess.com"]
[Date "2023.09.26"]
[Round "7"]
[White "A-Fier"]
[Black "bubeliang"]
[Result "0-1"]
[WhiteElo "2793"]
[BlackElo "2646"]
[TimeControl "180+1"]
[EndTime "9:16:14 PDT"]
[Termination "bubeliang won by resignation"]

1. d4 f5 2. Bg5 b6 3. e3 Bb7 4.
h4 Nf6 5. Bxf6 exf6 6. h5 Be7 7. Ne2 O-O 8. Nf4 Bd6 9. Nh3 Re8 10. Nc3 f4 11. e4 Bxe4 12. Nxe4 Rxe4+ 13. Be2 Qe7 14. Kf1 Nc6 15. c3 Re8 16. Bf3 f5 17. Bxe4 fxe4 18.
Qb3+ Kh8 19. Re1 e3 20. Qd5 Nd8 21. Ng5 Rf8 22. h6 g6 23. Ne4 Ne6 24. Kg1 f3 25.
Rxe3 fxg2 26. Rhh3 Nf4 27. Ng5 Nxd5 0-1

[Event "Early-Titled-Tuesday-Blitz-September-26-2023"]
[Site "Chess.com"]
[Date "2023.09.26"]
[Round "7"]
[White "GG91"]
[Black "Eloist"]
[Result "0-1"]
[WhiteElo "2298"]
[BlackElo "2486"]
[TimeControl "180+1"]
[EndTime "9:16:23 PDT"]
[Termination "Eloist won by resignation"]

1. d4 e6 2. Nf3 Nf6 3. e3 b6 4.
Nbd2 Bb7 5. Bd3 c5 6. c3 d5 7. O-O Nc6 8. Ne5 Nxe5 9. dxe5 Nd7 10. f4 Be7 11. Qg4 g6 12. e4 c4 13. Bc2 Nc5 14.
exd5 Qxd5 15. Nf3 h5 16. Qh3 Nd3 17. Rd1 Bc5+ 18. Kf1 Qe4 19. Ne1 O-O-O 20. Nxd3 cxd3 21. Bxd3 Rxd3 22. Rxd3 Ba6 0-1

[Event "Early-Titled-Tuesday-Blitz-September-26-2023"]
[Site "Chess.com"]
[Date "2023.09.26"]
[Round "7"]
[White "BlueWizzard"]
[Black "Mesa_1"]
[Result "1-0"]
[WhiteElo "2912"]
[BlackElo "2662"]
[TimeControl "180+1"]
[EndTime "9:16:24 PDT"]
[Termination "BlueWizzard won by resignation"]

1. e4 e6 2. f4 d5 3. Nc3 dxe4 4.
Nxe4 Nd7 5. Qe2 Ngf6 6. Nf3 b6 7. d3 Bb7 8. Bd2 Nxe4 9. dxe4 Nc5 10. O-O-O Nxe4 11.
Ne5 Bd6 12. Qb5+ Kf8 13. Be3 Qe8 14. Qb3 a5 15. a4 Rd8 16. Bb5 Qe7 17. Bc6 Bxe5 18.
Rxd8+ Qxd8 19. Bxb7 Bd6 20. Bxe4 1-0

[Event "Early-Titled-Tuesday-Blitz-September-26-2023"]
[Site "Chess.com"]
[Date "2023.09.26"]
[Round "7"]
[White "Austen48"]
[Black "KerryStead"]
[Result "0-1"]
[WhiteElo "2267"]
[BlackElo "2100"]
[TimeControl "180+1"]
[EndTime "9:16:30 PDT"]
[Termination "KerryStead won by checkmate"]

1. d4 c5 2. d5 f5 3. g3 g6 4. h4 Bg7 5. h5 Nf6 6. hxg6 hxg6 7. Rxh8+ Bxh8 8. Nc3 d6 9. Bg2 Nbd7 10. Nh3 Ne5 11. Ng5 Bd7 12. a4 a6 13. e4 Qc7 14. f4 Neg4 15. Bd2 O-O-O 16. Qe2 fxe4 17. Nf7 Rf8 18. Nxh8 Rxh8 19. O-O-O Bf5 20. Bxe4 Nxe4 21. Nxe4 Qd7 22.
Bc3 Rh2 23. Qf3 Qxa4 24. Rd2 Qa1# 0-1

[Event "Early-Titled-Tuesday-Blitz-September-26-2023"]
[Site "Chess.com"]
[Date "2023.09.26"]
[Round "7"]
[White "scarabee43"]
[Black "blitzo_vich"]
[Result "1-0"]
[WhiteElo "2788"]
[BlackElo "2628"]
[TimeControl "180+1"]
[EndTime "9:16:33 PDT"]
[Termination "scarabee43 won by resignation"]

1. d4 d5 2. c4 e6 3. Nf3 Nf6 4. Nc3 c6 5. Bg5 h6 6. Bxf6 Qxf6 7. e3 Nd7 8. Bd3 g6 9. O-O Bg7 10. e4 dxc4 11. Bxc4 e5 12. d5 O-O 13. h3 Rd8 14. Rc1 h5 15. Qe2 Nb6 16. Bb3 Bd7 17. Rfd1 a6 18.
Qe3 cxd5 19. exd5 Bf5 20. Ng5 Bh6 21. Nge4 Bxe3 22. Nxf6+ Kg7 23. Nxh5+ gxh5 24. fxe3 Nc8 25. Na4 Nd6 26. Nb6 Rab8 27. Rf1 Rg8 28. Rc7 Kh6 29.
Kh2 h4 30. Nd7 Bxd7 31. Rxd7 Rg6 32. Bc2 e4 33. Rf4 f5 34. Rxh4+ Kg5 35. Rhh7 Rc8 36.
h4+ 1-0

[Event "Early-Titled-Tuesday-Blitz-September-26-2023"]
[Site "Chess.com"]
[Date "2023.09.26"]
[Round "7"]
[White "ChessQueen"]
[Black "Mr_ruthless"]
[Result "1-0"]
[WhiteElo "2720"]
[BlackElo "2475"]
[TimeControl "180+1"]
[EndTime "9:16:39 PDT"]
[Termination "ChessQueen won by resignation"]

1. e4 e5 2. Nf3 Nc6 3. Bb5 a6 4. Ba4 Nf6 5. O-O Be7 6. d4 exd4 7. e5 Ne4 8. Nxd4 Nc5 9. Nf5 Ne6 10. Bxc6 dxc6 11.
Qg4 Kf8 12. Rd1 Qe8 13. Nc3 h5 14. Qg3 g6 15. Nxe7 Qxe7 16. h4 Kg7 17. Ne4 Rd8 18. Bd2 Rd4 19. Qe3 Kg8 20. Nf6+ Kf8 21. Qh6+ 1-0

[Event "Early-Titled-Tuesday-Blitz-September-26-2023"]
[Site "Chess.com"]
[Date "2023.09.26"]
[Round "7"]
[White "Misticpikachu"]
[Black "Lennis93"]
[Result "0-1"]
[WhiteElo "2554"]
[BlackElo "2734"]
[TimeControl "180+1"]
[EndTime "9:16:52 PDT"]
[Termination "Lennis93 won by resignation"]

1. c4 e5 2. Nc3 Nf6 3. Nf3 Nc6 4. e4 Bb4 5. d3 d6 6. a3 Bc5 7. b4 Bd4 8. Nxd4 Nxd4 9. Ne2 Ne6 10. g3 a5 11. Bb2 c6 12. Bg2 Qb6 13. O-O axb4 14. axb4 Rxa1 15. Qxa1 Qxb4 16. Ba3 Qd2 17. Nc1 c5 18. Bb2 O-O 19. Bc3 Qh6 20. Nb3 Nd7 21. Qa7 Nd8 22. Qa8 Nc6 23. Na5 Nb6 0-1

[Event "Early-Titled-Tuesday-Blitz-September-26-2023"]
[Site "Chess.com"]
[Date "2023.09.26"]
[Round "7"]
[White "Boundless_Strike"]
[Black "ploxoi"]
[Result "1-0"]
[WhiteElo "2600"]
[BlackElo "2427"]
[TimeControl "180+1"]
[EndTime "9:16:56 PDT"]
[Termination "Boundless_Strike won by resignation"]

1. d4 d5 2. e4 dxe4 3. Nc3 Nf6 4. f3 exf3 5. Nxf3 Nbd7 6. Bd3 e6 7. O-O Bb4 8. Qe1 Nd5 9. Qg3 Nxc3 10. bxc3 Bxc3 11. Rb1 Nf6 12. Kh1 b6 13. Ne5 Bb7 14. Qxg7 Bxg2+ 15. Qxg2 Bxd4 16. Bb5+ Kf8 17. Bh6+ 1-0

[Event "Early-Titled-Tuesday-Blitz-September-26-2023"]
[Site "Chess.com"]
[Date "2023.09.26"]
[Round "7"]
[White "Roedor"]
[Black "Yuruultei"]
[Result "1-0"]
[WhiteElo "2339"]
[BlackElo "2264"]
[TimeControl "180+1"]
[EndTime "9:16:56 PDT"]
[Termination "Roedor won by resignation"]

1. d4 Nf6 2. c4 g6 3. g3 Bg7 4. Bg2 O-O 5. Nc3 d6 6. Nf3 c6 7.
O-O Bf5 8. Ne1 Be6 9. d5 cxd5 10. cxd5 Bd7 11. e4 Na6 12. Nd3 Rc8 13. Be3 b6 14. h3 Nc5 15. e5 dxe5 16. Nxe5 Bf5 17. Nc6 Qd7 18. Bxc5 bxc5 19. g4 Bxg4 20. hxg4 Nxg4 21.
Nxe7+ Qxe7 22. Qxg4 Bxc3 23. bxc3 Qd6 24. c4 Rfe8 25. Rfe1 Rxe1+ 26. Rxe1 Rb8 27. Qg3 Qd8 28. d6 Rb2 1-0

[Event "Early-Titled-Tuesday-Blitz-September-26-2023"]
[Site "Chess.com"]
[Date "2023.09.26"]
[Round "7"]
[White "Predator0608"]
[Black "Aygehovit1992"]
[Result "0-1"]
[WhiteElo "2467"]
[BlackElo "2699"]
[TimeControl "180+1"]
[EndTime "9:17:07 PDT"]
[Termination "Aygehovit1992 won by resignation"]

1. e4 c5 2. Nf3 d6 3. d4 cxd4 4.
Nxd4 Nf6 5. Nc3 g6 6. Be3 Nc6 7. f3 h5 8. Bc4 Bg7 9. Qd2 Bd7 10. Bb3 Ne5 11. h4 Rc8 12. O-O O-O 13. Qf2 a6 14. Rad1 e6 15. Nde2 Qe7 16. Qg3 b5 17. a3 a5 18. Bf4 b4 19. axb4 axb4 20. Nb1 Bb5 21. Rf2 Nfd7 22. Nd4 Ba6 23. Bg5 Qe8 24. Rfd2 Nc5 25.
Qf2 Rc7 26. f4 Nxe4 27. Qe3 Nxd2 28. Nxd2 Ng4 29. Qe4 d5 0-1

[Event "Early-Titled-Tuesday-Blitz-September-26-2023"]
[Site "Chess.com"]
[Date "2023.09.26"]
[Round "7"]
[White "ExchangeAB"]
[Black "draksbg"]
[Result "0-1"]
[WhiteElo "2433"]
[BlackElo "2651"]
[TimeControl "180+1"]
[EndTime "9:17:07 PDT"]
[Termination "draksbg won by resignation"]

1. Nf3 Nf6 2. e3 g6 3. b3 Bg7 4.
Bb2 O-O 5. Be2 d5 6. O-O c5 7. d3 Nc6 8. Nbd2 Re8 9. Ne5 Qc7 10.
Nxc6 Qxc6 11. Nf3 Nd7 12. Bxg7 Kxg7 13. d4 b6 14. c3 Bb7 15. Rc1 e5 16. dxe5 Nxe5 17.
Nxe5 Rxe5 18. Bf3 Qc7 19. c4 Rd8 20. cxd5 Bxd5 21. Bxd5 Rexd5 22. Qf3 Rd2 23. a3 R8d3 24. b4 c4 25. a4 c3 26. h4 h5 27. Rfd1 c2 28. Rxd2 Rxd2 29. g3 Qc3 30. Kg2 Qxb4 31. Qc6 Qb2 32. Qc7 Qxc1 33. Qe5+ Kh7 34. Qe7 Rxf2+ 35.
Kxf2 Qd2+ 36. Kf3 Qd5+ 37. e4 Qd3+ 38. Kf4 Qd2+ 39. Ke5 Qc3+ 40. Kd5 Qc5+ 0-1

[Event "Early-Titled-Tuesday-Blitz-September-26-2023"]
[Site "Chess.com"]
[Date "2023.09.26"]
[Round "7"]
[White "KatakuriDono"]
[Black "Juicy_Fork"]
[Result "1-0"]
[WhiteElo "2332"]
[BlackElo "2464"]
[TimeControl "180+1"]
[EndTime "9:17:08 PDT"]
[Termination "KatakuriDono won by resignation"]

1. d4 Nf6 2. c4 g6 3. Nc3 Bg7 4.
e4 d6 5. Nge2 O-O 6. Ng3 c5 7. d5 h5 8. h4 e6 9. Be2 exd5 10.
exd5 Re8 11. Bg5 Qb6 12. Qd2 Ng4 13. O-O Be5 14. Nge4 Nd7 15. Bxg4 hxg4 16. h5 f5 17. Ng3 Bxg3 18. fxg3 Ne5 19. hxg6 Nxc4 20. Qf4 Ne5 21. Bf6 c4+ 22. Kh1 Nxg6 23. Qh6 Qc7 24. Qxg6+ Kf8 25. Qh6+ Kg8 26. Qh8+ 1-0

[Event "Early-Titled-Tuesday-Blitz-September-26-2023"]
[Site "Chess.com"]
[Date "2023.09.26"]
[Round "7"]
[White "FREDERICKtheMATE"]
[Black "Witik"]
[Result "1/2-1/2"]
[WhiteElo "2617"]
[BlackElo "2752"]
[TimeControl "180+1"]
[EndTime "9:17:10 PDT"]
[Termination "Game drawn by repetition"]

1. Nf3 d5 2. g3 Nf6 3. Bg2 c6 4. O-O Bg4 5. d4 Nbd7 6. b3 e6 7. Bb2 Be7 8. c4 O-O 9. Nbd2 Qb8 10. h3 Bh5 11. Rc1 Rc8 12. c5 b6 13. Ne5 Nxe5 14.
dxe5 Nd7 15. cxb6 axb6 16. g4 Bg6 17. e4 Rxa2 18. Bc3 Nxe5 19. f4 Nd3 20. Ra1 Rxa1 21. Qxa1 Nxf4 22. Bxg7 Ne2+ 23. Kf2 Qg3+ 24. Kxe2 Qxg2+ 25. Rf2 Qxh3 26. Bh8 Qxg4+ 27. Kf1 f6 28. Bxf6 Qh3+ 29.
Ke1 Bxf6 30. Qxf6 Qe3+ 31. Re2 Qg1+ 32. Nf1 Rf8 33. Qxe6+ Kg7 34. Qe5+ Kg8 35. Qe6+ Rf7 36. Qe8+ Kg7 37. Qe5+ Kg8 38. Qe8+ Rf8 39. Qe6+ 1/2-1/2

[Event "Early-Titled-Tuesday-Blitz-September-26-2023"]
[Site "Chess.com"]
[Date "2023.09.26"]
[Round "7"]
[White "Kopytkin"]
[Black "TregubovP"]
[Result "0-1"]
[WhiteElo "2380"]
[BlackElo "2638"]
[TimeControl "180+1"]
[EndTime "9:17:11 PDT"]
[Termination "TregubovP won by resignation"]

1. d4 Nf6 2. Bg5 e6 3. Nd2 d5 4. e3 h6 5. Bh4 Be7 6. Bd3 c5 7. c3 Nc6 8. f4 b6 9. Ngf3 Bb7 10. Bxf6 Bxf6 11. O-O O-O 12. Ne5 Ne7 13. Qh5 Nc8 14.
Ng4 Nd6 15. Nxh6+ gxh6 16. Qxh6 Ne4 17. Rf3 Bg7 18. Rg3 Qf6 19. Qh5 Rfd8 20. Nf3 Nxg3 21.
hxg3 Qh6 22. Qg4 f5 23. Qg6 Qxg6 0-1

[Event "Early-Titled-Tuesday-Blitz-September-26-2023"]
[Site "Chess.com"]
[Date "2023.09.26"]
[Round "7"]
[White "maurovargas01"]
[Black "RamonManon0g"]
[Result "0-1"]
[WhiteElo "1895"]
[BlackElo "2290"]
[TimeControl "180+1"]
[EndTime "9:17:12 PDT"]
[Termination "RamonManon0g won by checkmate"]

1. e4 c5 2. Nc3 d6 3. f4 Nc6 4. Nf3 a6 5. g3 g6 6. Bg2 Bg7 7. O-O e6 8. d3 Nge7 9. Ne2 O-O 10. c3 b5 11. h3 b4 12. Bd2 a5 13. Rb1 Ba6 14.
c4 a4 15. g4 d5 16. b3 dxe4 17. dxe4 Qd3 18. e5 Rfd8 19. Qe1 Qc2 20. Be3 Qxa2 21. bxa4 Bxc4 22. Ng3 Bxf1 23. Qxf1 c4 24. Bc5 Nd5 25. Ne4 Nxf4 26. Qxc4 Qxg2# 0-1

[Event "Early-Titled-Tuesday-Blitz-September-26-2023"]
[Site "Chess.com"]
[Date "2023.09.26"]
[Round "7"]
[White "LoaySameer"]
[Black "stepanosinovsky"]
[Result "1-0"]
[WhiteElo "2613"]
[BlackElo "2363"]
[TimeControl "180+1"]
[EndTime "9:17:14 PDT"]
[Termination "LoaySameer won on time"]

1. Nf3 Nf6 2. g3 g5 3. Nxg5 d5 4. Bg2 Bf5 5. c4 e6 6. Qb3 Nbd7 7. cxd5 exd5 8. d3 Nc5 9. Qc2 Qd7 10. b4 Ne6 11. Nxe6 Bxb4+ 12. Nd2 fxe6 13. Rb1 Ba5 14. O-O Bb6 15. Nb3 h5 16. Nc5 Qh7 17. h4 O-O-O 18. Bg5 Rdf8 19. a4 Nd7 20. Nxd7 Qxd7 21. Qb3 a5 22. e4 Bg4 23. Rbc1 1-0

[Event "Early-Titled-Tuesday-Blitz-September-26-2023"]
[Site "Chess.com"]
[Date "2023.09.26"]
[Round "7"]
[White "Defenstrator"]
[Black "Djager97"]
[Result "0-1"]
[WhiteElo "2367"]
[BlackElo "2559"]
[TimeControl "180+1"]
[EndTime "9:17:24 PDT"]
[Termination "Djager97 won by resignation"]

1. e4 e6 2. d4 d5 3. Nd2 c5 4. dxc5 Bxc5 5. Nb3 Bb6 6. exd5 exd5 7. Nf3 Nf6 8. Bb5+ Nc6 9. O-O O-O 10. Bg5 h6 11. Bxf6 Qxf6 12. Qxd5 Be6 13. Qh5 Qxb2 14. Bd3 Rad8 15.
Rae1 Qf6 16. Be4 Nb4 17. Ne5 Nd5 18. Ng4 Qg5 19. Qxg5 hxg5 20. Ne5 Nf4 21. Bxb7 f6 22. Nd3 Bc4 23. Nxf4 gxf4 24. Rd1 Bxf1 25. Bd5+ Rxd5 26. Rxd5 Bc4 27. Rd7 Rd8 0-1

[Event "Early-Titled-Tuesday-Blitz-September-26-2023"]
[Site "Chess.com"]
[Date "2023.09.26"]
[Round "7"]
[White "rezamahdavi2008"]
[Black "Vanina1989"]
[Result "1-0"]
[WhiteElo "2882"]
[BlackElo "2714"]
[TimeControl "180+1"]
[EndTime "9:17:26 PDT"]
[Termination "rezamahdavi2008 won on time"]

1. Nf3 d5 2. g3 c6 3. Bg2 Bg4 4.
c4 e6 5. O-O Nd7 6. cxd5 Bxf3 7. Bxf3 cxd5 8. e4 dxe4 9. Bxe4 Qb6 10. d4 Ngf6 11. Bg2 Be7 12. Nc3 O-O 13. d5 exd5 14. Nxd5 Nxd5 15. Qxd5 Nc5 16. Be3 Rfd8 17. Qc4 Qe6 18.
Qxe6 Nxe6 19. Bxb7 Rab8 20. Ba6 Rxb2 21. Bc4 Nd4 22.
Rab1 Rc2 23. Rfc1 Rxc1+ 24. Rxc1 h5 25. Rb1 Bc5 26. Rb7 Rf8 27. Kg2 a5 28. a4 Ne6 29.
Bxe6 Bxe3 30. Rxf7 Rxf7 31. fxe3 Kf8 32. Bxf7 Kxf7 33. Kf3 Ke7 34. e4 Kd6 35. Kf4 Kc5 36.
e5 g6 37. Kg5 1-0

[Event "Early-Titled-Tuesday-Blitz-September-26-2023"]
[Site "Chess.com"]
[Date "2023.09.26"]
[Round "7"]
[White "viktorskliarov"]
[Black "platy3"]
[Result "0-1"]
[WhiteElo "2647"]
[BlackElo "2866"]
[TimeControl "180+1"]
[EndTime "9:17:31 PDT"]
[Termination "platy3 won by resignation"]

1. e4 c5 2. Nf3 e6 3. c3 d5 4. e5 Nc6 5. d4 Qb6 6. a3 c4 7. Nbd2 Bd7 8. g3 Na5 9. h4 h6 10. Bh3 O-O-O 11. O-O Ne7 12. h5 g5 13. Nh2 Bg7 14.
f4 gxf4 15. gxf4 f5 16. exf6 Bxf6 17. Ndf3 Rhg8+ 18. Kh1 Nf5 19. Bxf5 exf5 20. Ne5 Nb3 21. Rb1 Bxe5 22. fxe5 f4 23. Rxf4 Rdf8 24. Qf3 Rxf4 25.
Bxf4 Bf5 26. Re1 Qe6 27. Nf1 Be4 28. Rxe4 dxe4 29. Qxe4 Qg4 30. Ng3 Qh4+ 31. Kg2 Rxg3+ 0-1

[Event "Early-Titled-Tuesday-Blitz-September-26-2023"]
[Site "Chess.com"]
[Date "2023.09.26"]
[Round "7"]
[White "Fleetw00dMac"]
[Black "Roman_Ovetchkin"]
[Result "0-1"]
[WhiteElo "2487"]
[BlackElo "2695"]
[TimeControl "180+1"]
[EndTime "9:17:31 PDT"]
[Termination "Roman_Ovetchkin won by resignation"]

1. d4 Nf6 2. c4 c5 3. d5 b5 4. cxb5 a6 5. bxa6 g6 6. Nc3 Bg7 7. Nf3 O-O 8. g3 d6 9. Bg2 Nbd7 10. O-O Nb6 11. Ne1 Rxa6 12. Nc2 Ng4 13. e4 Ne5 14.
Ne3 Ra8 15. Re1 Ba6 16. Bf1 Bxf1 17. Rxf1 Qc8 18. Kg2 Qa6 19. Qc2 Qd3 20. Rd1 Qxc2 21. Nxc2 Nec4 22. Rd3 Na4 23. Nxa4 Rxa4 24. a3 Nxb2 25.
Bxb2 Bxb2 26. Rb1 Bf6 27. Rdb3 Rxe4 0-1